 Dungeon Crawl Stone Soup version 0.31-a0-564-g3b7de120b3 (webtiles) character file.

Game seed: 4026260483100187678

104 Moonkey the Conjurer (level 4, -2/25 HPs)
             Began as a Deep Elf Conjurer on Aug 18, 2023.
             Slain by Grinder (4 damage)
             ... on level 3 of the Dungeon.
             The game lasted 00:06:57 (2535 turns).

Moonkey the Conjurer (Deep Elf Conjurer)            Turns: 2535, Time: 00:06:57

Health: -2/25      AC:  2    Str:  8    XL:     4   Next: 52%
Magic:  0/12       EV: 13    Int: 27    God:
Gold:   131        SH:  0    Dex: 15    Spells: 4/11 levels left

rFire   + . .        e - +11 falchion of Locily {freeze, rF+ Str+4 Int+2 Dex+2}
rCold   . . .        (no shield)
rNeg    . . .        a - +0 robe
rPois   .            (no helmet)
rElec   .            (no cloak)
rCorr   .            (no gloves)
SInv    .            (no boots)
Will    .....        (no amulet)
Stlth   ++           (no ring)
HPRegen 0.24/turn    (no ring)
MPRegen 0.13/turn

%: no passive effects
@: very slightly contaminated
A: no striking features
a: no special abilities


You were on level 3 of the Dungeon.
You visited 1 branch of the dungeon, and saw 3 of its levels.

You collected 131 gold pieces.

Inventory:

Hand Weapons
 e - the +11 falchion of Locily (weapon) {freeze, rF+ Str+4 Int+2 Dex+2}
   (You found it on level 2 of the Dungeon)

   Str+4:     It affects your strength (+4).
   Int+2:     It affects your intelligence (+2).
   Dex+2:     It affects your dexterity (+2).
   rF+:       It protects you from fire.
Armour
 a - a +0 robe (worn)
Talismans
 k - a maw talisman
Scrolls
 d - 3 scrolls of enchant armour {unknown}
 f - a scroll of blinking {unknown}
 g - 2 scrolls of silence {unknown}
 h - a scroll of torment {unknown}
 j - a scroll of immolation {unknown}
 l - a scroll of revelation {unknown}
Potions
 b - a potion of magic
 c - a potion of curing {unknown}
 i - a potion of invisibility {unknown}


   Skills:
 * Level 1.3 Fighting
 + Level 2.9 Dodging
 + Level 3.2 Stealth
 * Level 4.0 Spellcasting
 * Level 5.0 Conjurations
 + Level 1.0 Translocations


You had 4 spell levels left.
You knew the following spells:

 Your Spells              Type           Power      Damage    Failure   Level
a - Magic Dart            Conj           100%       1d8       1%          1
b - Searing Ray           Conj           64%        2d6       1%          2
c - Iskenderun's Mystic   Conj/Tloc      21%        2d6       22%         4

Your spell library contained the following spells:

 Spells                   Type           Power      Damage    Failure   Level
 Dazzling Flash           Conj/Hex       36%        N/A       9%          3
 Call Imp                 Summ           10%        N/A       12%         2
 Mephitic Cloud           Conj/Pois/Air  14%        N/A       12%         3
 Fulminant Prism          Conj/Hex       9%         3d7       28%         4


Dungeon Overview and Level Annotations

Branches:
Dungeon (3/15)

Altars:

Annotations:
D:3 Grinder


Message History

You can move again.
Casting: Searing Ray (safe; 1% risk of failure)
Confirm with . or Enter, or press ? or * to list all spells.
Aiming: Searing Ray (safe; 1% risk of failure)
Press: ? - help, Shift-Dir - straight line, f/p - Grinder
Aim: Grinder (severely wounded, 78% to hit)
You miscast Searing Ray.
You are very lightly contaminated with residual magic.
Nothing appears to happen.
Grinder gestures at you. You resist with significant effort.
Casting: Searing Ray (safe; 1% risk of failure)
Confirm with . or Enter, or press ? or * to list all spells.
Aiming: Magic Dart (safe; 1% risk of failure)
Press: ? - help, Shift-Dir - straight line, f/p - Grinder
Aim: Grinder (severely wounded, 100% to hit)
The magic dart hits Grinder.
Grinder is severely wounded.
Grinder attacks as you move away! Grinder hits you!
You writhe in agony.
Grinder attacks as you move away! Grinder hits you.
Casting: Magic Dart (safe; 1% risk of failure)
Confirm with . or Enter, or press ? or * to list all spells.
Aiming: Magic Dart (safe; 1% risk of failure)
Press: ? - help, Shift-Dir - straight line, f/p - Grinder
Aim: Grinder (severely wounded, 100% to hit)
The magic dart hits Grinder.
Grinder is severely wounded.
Grinder hits you.
You writhe in agony.
* * * LOW HITPOINT WARNING * * *
Casting: Magic Dart (safe; 1% risk of failure)
Confirm with . or Enter, or press ? or * to list all spells.
Aiming: Magic Dart (safe; 1% risk of failure)
Press: ? - help, Shift-Dir - straight line, f/p - Grinder
Aim: Grinder (severely wounded, 100% to hit)
The magic dart hits Grinder.
Grinder is severely wounded.
Grinder hits you.
* * * LOW HITPOINT WARNING * * *
You writhe in agony.
You die...

.# ####.#### # .# ...# .#
###.# ##.# ##+## #..#
##...## #.### ##.....##
#.#.## ##.......##
#####.5..####....)....##
........@...('......†..+.
###.......####..^......##
#.##.#..# ##.......## #.
#.##.# ##.....## # ..##.#
##...## #.###.# ##'## #.
#.# ##.###### #.#
#........ ..# #..#####.


You could see Grinder.

Vanquished Creatures
  6 adders (D:2)
  6 endoplasms
  4 giant cockroaches
  6 goblins
  3 hobgoblins (D:1)
  4 jackals (D:1)
  5 kobolds
  2 quokkas
  2 ball pythons
  2 frilled lizards
  8 rats
48 creatures vanquished.

Notes
Turn   | Place    | Note
-------+----------+-------------------------------------------
     0 | D:1      | Moonkey the Deep Elf Conjurer began the quest for the Orb.
     0 | D:1      | Reached XP level 1. HP: 10/10 MP: 6/6
   238 | D:1      | Reached XP level 2. HP: 16/16 MP: 1/8
   308 | D:1      | Learned a level 2 spell: Searing Ray
   845 | D:1      | Reached XP level 3. HP: 20/20 MP: 6/9
  1181 | D:2      | Reached skill level 1 in Fighting
  1255 | D:2      | Identified the +11 falchion of Locily {freeze, rF+ Str+4
                  | Int+2 Dex+2}
  1594 | D:2      | Reached XP level 4. HP: 25/25 MP: 5/11
  1643 | D:2      | Learned a level 4 spell: Iskenderun's Mystic Blast
  1837 | D:2      | Reached skill level 1 in Translocations
  2208 | D:3      | Reached skill level 5 in Conjurations
  2513 | D:3      | Noticed Grinder
  2520 | D:3      | Paralysed by Grinder for 3 turns
  2525 | D:3      | Paralysed by Grinder for 4 turns
  2535 | D:3      | Slain by Grinder

Illustrated notes

Levels and vault maps discovered:
D:1:      onia_arrival_handbag, layout_rooms
D:2:      layout_loops_corners, nicolae_elevator_lobby_asterisk
D:3:      layout_loops_corners, lemuel_doored_altar, minmay_liquid_box,
          uniq_grinder

Skill      XL: |  1  2  3  4 |
---------------+-------------+-----
Fighting       | 1 |  1.3
Stealth        | 3 |  3.2
Translocations | 1 |  1.0
Spellcasting   | 4 |  4.0
Conjurations   | 5 |  5.0
Dodging        | |  2.9

Action                     |  1- 3 |  4- 6 || total
---------------------------+-------+-------++-------
   Cast: Magic Dart        |    84 |    19 ||   103
         Searing Ray       |       |     3 ||     3
 Armour: Robe              |     2 |       ||     2
  Dodge: Dodged            |    17 |     4 ||    21

Table legend: (Time is in decaauts)
 A = Elapsed time spent in this place.
 B = Non-inter-level travel time spent in this place.
 C = Inter-level travel time spent in this place.
 D = Time resting spent in this place.
 E = Time spent auto-exploring this place.
 F = Levels seen in this place.
 G = Mean time per level.
                   A        B        C        D        E       F      G
               +--------+--------+--------+--------+--------+-----+--------+
         Total |   2534 |   2512 |     22 |    589 |   1650 |   3 |  844.7 |
       Dungeon |   2534 |   2512 |     22 |    589 |   1650 |   3 |  844.7 |
               +--------+--------+--------+--------+--------+-----+--------+

Top non-repeatable levels by time:
     D:2: 1247 daAuts
     D:1: 946 daAuts
     D:3: 340 daAuts
